 Dungeon Crawl Stone Soup version 0.17-a0-1115-g0372368 (console) character file.

37692 Monkaria the Fighter (level 13, -6/90 HPs)
             Began as a Demonspawn Chaos Knight on May 23, 2015.
             Killed from afar by a fire crab (11 damage)
             ... with a blast of flame
             ... on level 7 of the Lair of Beasts.
             The game lasted 00:46:37 (19022 turns).

Monkaria the Fighter (Demonspawn Chaos Knight)     Turns: 19022, Time: 00:46:38

Health: -6/90      AC:  2    Str: 17    XL:     13   Next: 59%
Magic:  22/22      EV: 33    Int: 15    God:    Xom [.....*]
Gold:   1541       SH:  0    Dex: 26    Spells: 0 memorised, 12 levels left

rFire  . . .     SeeInvis .       - Unarmed
rCold  . . .     Clarity  .     (armour currently unavailable)
rNeg   . . .     SustAt   .     (shield currently unavailable)
rPois  x         Gourm    .     (helmet currently unavailable)
rElec  .         Spirit   .     (cloak currently unavailable)
rCorr  +         Warding  .     (gloves currently unavailable)
rMut   +         Stasis   .     (boots currently unavailable)
MR     ++...                    y - amulet of resist corrosion
Stlth  +++.......               (no ring)
                                M - ring of magical power

@: agile, spider-form, very resistant to hostile enchantments, fairly stealthy
A: (claws 0), (talons 0), (icy blue scales 0), agile 2, frail 2, magic
resistance 2, mutation resistance 3, powered by pain 2, regeneration 2,
screaming 1, (spiny 0)
a: Renounce Religion


You were on level 7 of the Lair of Beasts.
You worshipped Xom.
You were Xom's teddy bear.
You were not hungry.
You were a venomous arachnid creature.
You visited 2 branches of the dungeon, and saw 17 of its levels.
You also visited: Bailey, Ice Cave and Volcano.

You collected 1541 gold pieces.

Inventory:

Hand weapons
 f - the +9 dagger "Beast's Death" {freeze, rN+ Stlth+}
   (You found it in a bailey)

   It has been specially enchanted to freeze those struck by it, causing extra
   injury to most foes and up to half again as much damage against particularly
   susceptible opponents.
   It can also slow down cold-blooded creatures.
   It protects you from negative energy.
   It makes you more stealthy.
 u - a +3 broad axe of flaming
 D - the +6 dagger of Quottyot {antimagic, rElec Str+7}
   (You found it on level 7 of the Dungeon)

   It disrupts the flow of magical energy around spellcasters and certain
   magical creatures (including the wielder).
   It affects your strength (+7).
   It insulates you from electricity.
 U - a +0 blowgun
Missiles
 a - 12 javelins (quivered)
 m - 11 tomahawks
 N - 32 poisoned needles
 Z - 5 curare-tipped needles
Armour
 d - a +1 hat (melded)
 l - the +4 scale mail "Iruzar" (melded) {Str+6}
   (You found it in an ice cave)

   It affects your strength (+6).
 q - a +0 pair of gloves (melded)
 r - a +2 pair of boots of running (melded)
 B - the +0 chain mail "Vuffikk" {rC- Str+9 SInv}
   (You found it on level 5 of the Lair of Beasts)

   It affects your strength (+9).
   It makes you vulnerable to cold.
   It lets you see invisible.
Rods
 O - a +1 rod of shadows (9/9)
   (Xom gifted it to you on level 8 of the Dungeon)
Jewellery
 y - an amulet of resist corrosion (around neck)
 A - an uncursed ring of ice
 K - an uncursed ring of ice
 M - a ring of magical power (left front leg)
Magical devices
 p - a wand of draining (8)
 s - a wand of slowing (16)
 F - a wand of magic darts (29)
 G - a wand of cold (7)
 H - a wand of disintegration (17)
 I - a wand of confusion (31)
 J - a wand of fire (5)
 L - a wand of flame (17)
 P - a wand of paralysis (17)
 S - a wand of teleportation (3)
 W - a wand of random effects (38)
 Y - a wand of lightning (8)
Scrolls
 b - a scroll of recharging
 h - a scroll of amnesia
 i - 2 scrolls of blinking
 j - 9 scrolls of remove curse
 o - a scroll of silence
 C - 4 scrolls of teleportation
 Q - 4 scrolls of fear
 T - 2 scrolls of immolation
 X - a scroll of summoning
Potions
 e - 2 potions of berserk rage
 k - 4 potions of might
 n - a potion of resistance
 t - 2 potions of cancellation
 v - 2 potions of heal wounds
 z - 4 potions of agility
 E - 2 potions of curing
 V - 2 potions of lignification
Miscellaneous
 x - a box of beasts
Comestibles
 c - 12 bread rations
 g - 14 fruits
 w - 2 meat rations


   Skills:
 - Level 14.1 Fighting
   Level 2.6 Long Blades
 + Level 11.8 Armour
 - Level 6.0 Dodging
 - Level 14.0 Unarmed Combat


You had 12 spell levels left.
You didn't know any spells.

Dungeon Overview and Level Annotations

Branches:
Dungeon (10/15)            Temple (0/1) D:7            Lair (7/8) D:9
  Swamp (0/4) Lair:5       Spider (0/4) Lair:5
  Slime: Lair:6-8       Orc: D:9-12

Altars:
Cheibriados
Dithmenos
Elyvilon
Fedhas
Gozag
Makhleb
Okawaru
Sif Muna
Trog
Vehumet
Xom
The Shining One

Shops:
D:6 %

Annotations:
D:10 Garrluk's ghost, powerful DEFE


Innate Abilities, Weirdness & Mutations

((You have very sharp fingernails.))
((You are mostly covered in icy blue scales (AC +3, EV -1).))
You sometimes gain power by taking damage.
((You are mostly covered in sharp spines.))
((You have sharp toenails.))
You are very agile. (Dex +4)
You are very frail (-20% HP).
You are highly resistant to hostile enchantments.
You are almost entirely resistant to further mutation and mutation removal.
You heal very quickly.
You occasionally shout uncontrollably at your foes.


Message History

The fire crab is moderately wounded.
Unknown command.
You hit the fire crab.
The fire crab looks even sicker.
The fire crab is moderately wounded.
The fire crab breathes flames at you. The blast of flame engulfs you!
* * * LOW HITPOINT WARNING * * *
The fire crab barely misses you. x2
Unknown command.
You bite the fire crab!
The fire crab is severely wounded.
The fire crab breathes flames at you. The blast of flame misses you.
You are engulfed in roaring flames.
* * * LOW HITPOINT WARNING * * *
You focus on the pain.
You feel agile all of a sudden. The fire crab breathes flames at you.
The blast of flame engulfs you!
You die...

## ##.#.P.#.......
.# ###...#.#.......
.#
##.....##...%....
##
#.).#.#..........
P##
#.......†§#.......
..###
#.#..#P#P§§§§......
###.#
##...###§§§§§.....#
...####...#
#§§§#.....##
#..P.#.#.#
#§ts###...# ......#
#...#


.PPP. #P##..### ##... PP.. #####†#.## #.... P.. #....# #..#.. ... #...## ...#.##
#...#### .###.# ###..#.# ## . ##..## You could see a fire crab.

Vanquished Creatures
  Nessos (Lair:5)
  Erolcha (D:9)
  3 hydras
  A death yak (Lair:5)
  A hell knight (Volcano)
  2 ice devils (IceCv)
  3 ice statues (IceCv)
  A necromancer (IceCv)
  2 orc knights (Bailey)
  A lindwurm (Lair:2)
  A griffon (Lair:5)
  The ghost of onkelmonokel the Chucker, an experienced OgHu of Gozag (D:4)
  2 black mambas
  An oklob plant (Lair:2)
  A rust devil (IceCv)
  7 elephants
  A toenail golem (Volcano)
  A molten gargoyle (Volcano)
  A gargoyle (Volcano)
  10 spiny frogs
  3 fire drakes
  6 komodo dragons
  5 blue devils (IceCv)
  A boulder beetle (Lair:4)
  6 wyverns
  2 yaks (shapeshifter)
  2 shadows (Lair:6)
  21 yaks
  Eustachio (D:5)
  3 fire elementals (Volcano)
  4 basilisks
  2 hippogriffs
  5 vampire mosquitoes (Lair:5)
  A swamp worm (Lair:6)
  2 wargs (D:9)
  9 porcupines
  8 water moccasins
  9 ice beasts
  A black bear (D:9)
  An ogre (D:9)
  5 orc warriors
  A wasp (D:7)
  A sky beast (D:6)
  A slave (D:7)
  A necrophage (D:9)
  4 centaurs
  6 crocodiles
  A big kobold (D:7)
  16 giant frogs
  2 scorpions (D:6)
  27 killer bees
  3 wights
  5 crimson imps
  5 hounds
  8 orc priests
  A centaur zombie (D:6)
  2 jellies
  2 draconian simulacra (IceCv)
  3 giant frog zombies
  8 orc wizards
  5 iguanas
  A quasit (D:5)
  A spriggan simulacrum (IceCv)
  2 troll simulacra (IceCv)
  A centaur skeleton (D:8)
  7 worker ants
  21 sheep
  A hound skeleton (D:7)
  9 adders
  3 worker ant zombies
  71 river rats
  A naga simulacrum (IceCv)
  A white imp (D:5)
  4 ogre simulacra (IceCv)
  4 shadow imps
  4 ufetubi
  An ooze (D:6)
  2 adder skeletons
  8 worms
  A giant gecko (shapeshifter) (D:2)
  5 giant geckos
  44 orcs
  A ball python (D:4)
  A bat skeleton (D:4)
  A bat zombie (D:6)
  16 hobgoblins
  2 jackals (D:3)
  12 quokkas
  15 bats
  A bat (shapeshifter) (D:4)
  8 giant cockroaches
  2 giant gecko skeletons
  4 giant newts
  A giant spore (Lair:1)
  14 goblins
  16 kobolds
  A quokka zombie (D:5)
  19 rats
  A ballistomycete (Lair:1)
548 creatures vanquished.

Vanquished Creatures (collateral kills)
  Pikel (D:7)
  A hill giant (D:9)
  2 spiny frogs
  A hellwing (IceCv)
  6 yaks
  A human (D:7)
  A centaur (D:7)
  An ice beast (Lair:3)
  An orc wizard (D:7)
  An iguana (D:9)
  2 sheep
  4 river rats (Lair:5)
  An orc (D:3)
  2 kobolds (D:7)
  A bush (D:7)
26 creatures vanquished.

Vanquished Creatures (others)
  An ogre (D:7)
  2 crimson imps
  2 quasits (Lair:6)
  2 iron imps (Lair:6)
  2 shadow imps (Lair:6)
  A white imp (Volcano)
  3 ufetubi (Lair:6)
  3 butterflies (D:8)
  3 fungi
  A plant (Lair:6)
20 creatures vanquished.

Grand Total: 594 creatures vanquished

Notes
Turn   | Place    | Note
--------------------------------------------------------------
     0 | D:1      | Monkaria the Demonspawn Chaos Knight began the quest for the Orb.
     0 | D:1      | Reached XP level 1. HP: 18/18 MP: 1/1
    35 | D:1      | XOM: harmless Erth miscast
    69 | D:1      | Gained mutation: You are partially covered in icy blue scales (AC +1). [demonic ancestry]
    69 | D:1      | Reached XP level 2. HP: 13/24 MP: 2/2
   131 | D:1      | XOM: harmless Tloc miscast
   218 | D:1      | XOM: harmless Conj miscast
   544 | D:2      | Reached skill level 4 in Fighting
   612 | D:2      | Found a deep blue altar of Sif Muna.
   624 | D:2      | Found a glowing golden altar of the Shining One.
   752 | D:2      | Gained mutation: You have sharp fingernails. [demonic ancestry]
   752 | D:2      | Reached XP level 3. HP: 30/30 MP: 3/3
   773 | D:2      | Found an opulent altar of Gozag.
   787 | D:2      | Found an iron altar of Okawaru.
   789 | D:2      | XOM: mild Tloc miscast
   973 | D:2      | Gained mutation: You are agile. (Dex +2) [mutagenic meat]
   974 | D:2      | Gained mutation: You have sharp toenails. [mutagenic meat]
   975 | D:2      | Lost mutation: You are agile. (Dex +2) [mutagenic meat]
  1002 | D:2      | Reached skill level 1 in Unarmed Combat
  1294 | D:3      | Found a snail-covered altar of Cheibriados.
  1507 | D:3      | Gained mutation: You sometimes gain a little power by taking damage. [demonic ancestry]
  1507 | D:3      | Reached XP level 4. HP: 18/37 MP: 4/4
  1731 | D:3      | XOM: confuse monster(s)
  1823 | D:3      | Gained mutation: You are partially covered in sharp spines. [demonic ancestry]
  1823 | D:3      | Reached XP level 5. HP: 23/42 MP: 5/5
  2486 | D:4      | Noticed onkelmonokel's ghost (experienced OgHu)
  2487 | D:4      | Noticed an ogre
  2508 | D:4      | XOM: confuse monster(s)
  2893 | D:4      | Reached XP level 6. HP: 48/48 MP: 6/6
  2897 | D:4      | Gained mutation: You are agile. (Dex +2) [mutagenic meat]
  2898 | D:4      | Gained mutation: Your muscles are strong. (Str +2) [mutagenic meat]
  2899 | D:4      | Gained mutation: You are frail (-10% HP). [mutagenic meat]
  2908 | D:5      | Entered Level 5 of the Dungeon
  2991 | D:5      | Reached skill level 5 in Unarmed Combat
  3205 | D:5      | Noticed Eustachio
  3207 | D:5      | XOM: summons friendly crimson imp
  3230 | D:4      | Reached skill level 6 in Unarmed Combat
  3230 | D:4      | Gained mutation: You are mostly covered in sharp spines. [demonic ancestry]
  3230 | D:4      | Reached XP level 7. HP: 24/48 MP: 7/7
  3237 | D:4      | XOM: 1-stop teleportation journey
  3377 | D:4      | Found a burning altar of Makhleb.
  3378 | D:4      | Found a shimmering altar of Xom.
  3508 | D:4      | XOM: fog
  3531 | D:4      | Killed onkelmonokel's ghost
  3531 | D:4      | Reached skill level 7 in Unarmed Combat
  3531 | D:4      | Gained mutation: You sometimes gain power by taking damage. [demonic ancestry]
  3531 | D:4      | Reached XP level 8. HP: 33/54 MP: 8/8
  3685 | D:5      | Reached skill level 8 in Unarmed Combat
  3686 | D:5      | XOM: enchant monster (bad)
  3716 | D:5      | Killed Eustachio
  3803 | D:5      | XOM: silly message
  3922 | D:5      | XOM: silly message
  4184 | D:6      | XOM: harmless Conj miscast
  4197 | D:6      | Reached skill level 9 in Unarmed Combat
  4225 | D:6      | XOM: mild Trmt miscast
  4477 | D:6      | XOM: confusion
  4560 | D:6      | XOM: confuse monster(s)
  4653 | D:6      | Found a bloodstained altar of Trog.
  4661 | D:6      | Found Udghacoogh's Food Boutique.
  4714 | D:6      | XOM: mild Hex miscast
  5161 | D:7      | Found a blossoming altar of Fedhas.
  5171 | D:7      | Reached skill level 5 in Armour
  5190 | D:7      | Reached XP level 9. HP: 26/58 MP: 9/9
  5194 | D:7      | XOM: 1-stop teleportation journey
  5294 | D:7      | XOM: harmless Tloc miscast
  5311 | D:7      | XOM: noise
  5312 | D:7      | Found a glowing golden altar of the Shining One.
  5330 | D:7      | Found a radiant altar of Vehumet.
  5398 | D:7      | XOM: harmless Air miscast
  5456 | D:7      | XOM: harmless Summ miscast
  5806 | D:7      | Got a crystal dagger
  5826 | D:7      | Found a shadowy altar of Dithmenos.
  5828 | D:7      | Noticed Pikel
  5835 | D:7      | XOM: severe Air miscast
  5837 | D:7      | Killed Pikel
  6140 | D:7      | Killed an ogre
  6269 | D:7      | Found a staircase to the Ecumenical Temple.
  6445 | D:7      | XOM: god gift: robe {god gift}
  6717 | D:8      | XOM: scenery: create altars
  6863 | D:8      | XOM: confuse monster(s)
  6907 | D:8      | Reached skill level 1 in Dodging
  6924 | D:8      | Found a flagged portal.
  7001 | D:8      | XOM: harmless Air miscast
  7055 | Bailey   | Entered a bailey
  7168 | Bailey   | Gained mutation: You are somewhat resistant to further mutation. [potion of beneficial mutation]
  7284 | Bailey   | Noticed an orc knight
  7358 | Bailey   | XOM: blink monster(s)
  7358 | Bailey   | Killed an orc knight
  7358 | Bailey   | Gained mutation: You have very sharp fingernails. [demonic ancestry]
  7358 | Bailey   | Reached XP level 10. HP: 52/64 MP: 10/10
  7362 | Bailey   | XOM: give mutations
  7362 | Bailey   | Gained mutation: You are somewhat resistant to both further mutation and mutation removal. [Xom's mischief]
  7362 | Bailey   | Lost mutation: Your muscles are strong. (Str +2) [Xom's mischief]
  7362 | Bailey   | Gained mutation: You occasionally shout uncontrollably at your foes. [Xom's mischief]
  7422 | Bailey   | Got a dazzling dagger
  7426 | Bailey   | Got an ichor-stained ice dragon armour
  7548 | Bailey   | Noticed an orc knight
  7563 | Bailey   | Killed an orc knight
  7786 | D:8      | Identified a +1 pair of boots of running (You found it in a bailey)
  7798 | D:8      | Identified the +8 ice dragon armour "Hoigoh" {rF- rC++ rCorr} (You found it in a bailey)
  7809 | D:8      | Identified the +9 dagger "Beast's Death" {freeze, rN+ Stlth+} (You found it in a bailey)
  7810 | D:8      | Identified the +6 dagger of Quottyot {antimagic, rElec Str+7} (You found it on level 7 of the Dungeon)
  7847 | D:8      | XOM: give mutations
  7847 | D:8      | Gained mutation: You are almost entirely resistant to further mutation and mutation removal. [Xom's grace]
  7847 | D:8      | Gained mutation: You are resistant to hostile enchantments. [Xom's grace]
  7905 | D:8      | XOM: cast spell 'Beastly Appendage'
  8042 | D:8      | XOM: medium Necr miscast
  8067 | D:8      | XOM: harmless Trmt miscast
  8069 | D:8      | Reached skill level 5 in Dodging
  8249 | D:8      | XOM: vitrification
  8262 | D:8      | Got a twisted plate armour
  8276 | D:8      | Identified the +6 plate armour of the Equator {rC- rCorr Int+8} (You found it on level 8 of the Dungeon)
  8574 | D:8      | XOM: god gift: gnarled jewelled rod {god gift}
  8576 | D:8      | Identified a +1 rod of shadows (9/9) (Xom gifted it to you on level 8 of the Dungeon)
  8587 | D:8      | XOM: vitrification
  8631 | D:8      | XOM: divination: detect creatures
  8667 | D:8      | XOM: harmless Air miscast
  8802 | D:9      | Noticed Erolcha
  8811 | D:9      | XOM: summons 2 friendly demons
  8818 | D:9      | Killed Erolcha
  8848 | D:9      | XOM: enchant monster (good)
  8870 | D:9      | Found a staircase to the Lair.
  8876 | D:9      | XOM: fake destruction
  8879 | D:9      | Reached skill level 10 in Unarmed Combat
  8894 | D:9      | XOM: fog
  9012 | D:8      | XOM: vitrification
  9176 | D:9      | XOM: enchant monster (good)
  9337 | Lair:1   | Entered Level 1 of the Lair of Beasts
  9337 | Lair:1   | Noticed an oklob plant
  9391 | D:9      | Noticed a hill giant
  9407 | D:9      | XOM: summons friendly shadow imp
  9409 | D:9      | XOM: swap monsters
  9423 | D:9      | Killed a hill giant
  9866 | D:9      | Gained mutation: You are mostly covered in icy blue scales (AC +3, EV -1). [demonic ancestry]
  9866 | D:9      | Reached XP level 11. HP: 45/69 MP: 11/11
  9866 | D:9      | XOM: cast spell 'Spider Form'
  9871 | D:9      | Reached skill level 11 in Unarmed Combat
  9882 | D:9      | XOM: butterfly on damage
 10271 | D:10     | Entered Level 10 of the Dungeon
 10335 | D:10     | XOM: smoke on damage
 10430 | D:10     | Noticed Garrluk's ghost (powerful DEFE)
 10430 | D:10     | XOM: summons friendly crimson imp
 10982 | D:9      | XOM: give mutations
 10982 | D:9      | Gained mutation: You can spit weak poison. [Xom's grace]
 10982 | D:9      | Gained mutation: You are very agile. (Dex +4) [Xom's grace]
 10982 | D:9      | Gained mutation: You are highly resistant to hostile enchantments. [Xom's grace]
 10982 | D:9      | Gained mutation: Your natural rate of healing is unusually fast. [Xom's grace]
 11025 | D:9      | XOM: god gift: scroll of fear
 11046 | Lair:1   | an oklob plant changed into a giant spore
 11046 | Lair:1   | XOM: polymorph oklob plant -> giant spore
 11050 | Lair:1   | XOM: 8-stop teleportation journey
 11142 | Lair:1   | XOM: 1-stop teleportation journey
 11160 | Lair:1   | XOM: summons 4 friendly demons
 11162 | Lair:1   | XOM: summons 10 friendly demons
 11968 | Lair:2   | XOM: polymorph yak -> shapeshifter
 11977 | Lair:2   | Reached skill level 12 in Unarmed Combat
 11977 | Lair:2   | XOM: swap monsters
 11978 | Lair:2   | XOM: summons friendly crimson imp
 12098 | Lair:2   | Found a dark tunnel.
 12098 | Lair:2   | Noticed a lindwurm
 12127 | Lair:2   | HP: 2/69 [lindwurm (5)]
 12128 | Lair:2   | XOM: confuse monster(s)
 12133 | Lair:2   | Killed a lindwurm
 12180 | Lair:2   | XOM: harmless Tloc miscast
 12247 | Volcano  | Entered a volcano
 12439 | Volcano  | XOM: god gift: spear {god gift}
 12674 | Volcano  | Found a radiant altar of Vehumet.
 12674 | Volcano  | Noticed a hell knight
 12682 | Volcano  | XOM: summons friendly white imp
 12684 | Volcano  | Killed a hell knight
 12692 | Volcano  | Reached skill level 13 in Unarmed Combat
 12922 | Lair:2   | XOM: butterfly on damage
 12923 | Lair:2   | HP: 1/69 [komodo dragon (6)]
 12973 | Lair:2   | XOM: silly message
 13198 | Lair:2   | Reached skill level 5 in Fighting
 13341 | Lair:2   | Reached XP level 12. HP: 42/80 MP: 12/12
 13444 | Lair:2   | XOM: summons friendly crimson imp
 13447 | Lair:2   | XOM: confuse monster(s)
 13450 | Lair:2   | XOM: harmless Air miscast
 13713 | Lair:3   | XOM: divination: magic mapping
 13722 | Lair:3   | XOM: butterfly on damage
 13786 | Lair:3   | XOM: divination: detect creatures
 13791 | Lair:3   | XOM: polymorph river rat -> killer bee
 13876 | Lair:3   | XOM: confuse monster(s)
 13943 | Lair:3   | XOM: confuse monster(s)
 13950 | Lair:3   | XOM: summons friendly white imp
 13956 | Lair:3   | Found a frozen archway.
 13962 | Lair:3   | XOM: swap monsters
 13967 | Lair:3   | Reached skill level 10 in Fighting
 14056 | IceCv    | Entered an ice cave
 14085 | IceCv    | XOM: divination: detect creatures
 14095 | IceCv    | XOM: confuse monster(s)
 14116 | IceCv    | XOM: confuse monster(s)
 14121 | IceCv    | XOM: polymorph blue devil -> hellwing
 14124 | IceCv    | XOM: summons 10 friendly demons
 14251 | IceCv    | XOM: mild Chrm miscast
 14288 | IceCv    | XOM: give mutations
 14288 | IceCv    | Gained mutation: You heal very quickly. [Xom's grace]
 14288 | IceCv    | Gained mutation: You possess an exceptional clarity of mind. [Xom's grace]
 14288 | IceCv    | Gained mutation: You have a pair of small horns on your head. [Xom's grace]
 14518 | IceCv    | XOM: divination: magic mapping
 14526 | IceCv    | XOM: enchant monster (bad)
 14610 | IceCv    | XOM: divination: detect creatures
 14613 | IceCv    | XOM: polymorph blue devil -> rust devil
 14697 | IceCv    | XOM: confuse monster(s)
 14753 | IceCv    | XOM: swap monsters
 14777 | IceCv    | Got a transparent scale mail
 14871 | Lair:3   | Identified the +4 scale mail "Iruzar" {Str+6} (You found it in an ice cave)
 14889 | Lair:3   | XOM: give mutations
 14889 | Lair:3   | Lost mutation: You can spit weak poison. [Xom's mischief]
 14889 | Lair:3   | Lost mutation: You have a pair of small horns on your head. [Xom's mischief]
 14889 | Lair:3   | Gained mutation: You are dopey. (Int -2) [Xom's mischief]
 15010 | Lair:3   | Reached skill level 14 in Fighting
 15084 | Lair:3   | XOM: god gift: scroll of random uselessness
 15772 | Lair:4   | Noticed a four-headed hydra
 15783 | Lair:4   | Killed a one-headed hydra
 15832 | Lair:4   | XOM: god gift: scroll labeled QITELL ESMA
 15877 | Lair:4   | XOM: harmless Conj miscast
 15907 | Lair:4   | XOM is BORED!
 15907 | Lair:4   | XOM: mild Erth miscast
 16250 | Lair:4   | XOM: butterfly on damage
 16450 | Lair:5   | Reached XP level 13. HP: 86/101 MP: 13/13
 16472 | Lair:5   | XOM: summons 2 hostile demons
 16523 | Lair:5   | XOM: harmless Fire miscast
 16537 | Lair:5   | Noticed Nessos
 16537 | Lair:5   | XOM: potion effect (invisibility)
 16546 | Lair:5   | XOM: cast spell 'Summon Dragon'
 16556 | Lair:5   | Killed Nessos
 16737 | Lair:5   | Got a dazzling chain mail
 16760 | Lair:5   | Identified the cursed +0 chain mail "Vuffikk" {rC- Str+9 SInv} (You found it on level 5 of the Lair of Beasts)
 16782 | Lair:5   | XOM: polymorph fire drake -> yak
 16802 | Lair:5   | XOM: noise
 17034 | Lair:5   | Found a staircase to the Swamp.
 17072 | Lair:5   | XOM: cast spell 'Beastly Appendage'
 17083 | Lair:5   | XOM: cast spell 'Cause Fear'
 17102 | Lair:5   | XOM: harmless Erth miscast
 17157 | Lair:5   | Found a hole to the Spider Nest.
 17198 | Lair:5   | Reached skill level 10 in Armour
 17350 | Lair:5   | XOM: give mutations
 17350 | Lair:5   | Gained mutation: You are very frail (-20% HP). [Xom's mischief]
 17350 | Lair:5   | Lost mutation: You possess an exceptional clarity of mind. [Xom's mischief]
 17350 | Lair:5   | Lost mutation: You are dopey. (Int -2) [Xom's mischief]
 17438 | Lair:6   | XOM: summons friendly white imp
 17460 | Lair:6   | XOM: chaos cloud
 17751 | Lair:6   | XOM: mild Erth miscast
 17775 | Lair:6   | Found a white marble altar of Elyvilon.
 17795 | Lair:6   | XOM: blink monster(s)
 17834 | Lair:6   | XOM: summons 9 friendly demons
 17838 | Lair:6   | XOM: summons friendly ufetubus
 17840 | Lair:6   | XOM: potion effect (might)
 18180 | Lair:6   | XOM: harmless Chrm miscast
 18474 | Lair:7   | XOM: destruction
 18566 | Lair:7   | XOM: confuse monster(s)
 18727 | Lair:7   | XOM: snakes to sticks
 18996 | Lair:7   | XOM: divine lightning (protected)
 19014 | Lair:7   | XOM: cast spell 'Spider Form'
 19022 | Lair:7   | Killed from afar by a fire crab

Vault maps used:
D:1:      evilmike_arrival_run_for_it
D:2:      nicolae_overflow_quartered_altars
D:3:      cheibriados_altar_wand_db, first_bread
D:4:      grunt_temple_overflow_champion_of_chaos, st_stairs_13,
          hangedman_abyss_or_decor_stabs
D:5:      uniq_eustachio
D:6:      kennysheep_little_box, serial_shops, nicolae_shop_crystal
D:7:      nicolae_overflow_crystal_walls, vehumet_altar_wand_db,
          fedhas_bush_and_centaur_altar, minmay_temple_entry_hall, basic_altar,
          grunt_livestock, uniq_pikel
D:8:      enter_bailey_3, st_stairs_12
D:9:      erik_lair_orcish_takeover, hangedman_decor_clover_reticule,
          uniq_erolcha
D:10:     uniq_psyche
Lair:1:   dpeg_stationary_puzzle
Lair:2:   nicolae_volcano_entry_vermiform, grunt_megastairs_4
Lair:3:   portal_ice_cave_entry_ice_beasts, kennysheep_basilisk_garden,
          grunt_megastairs_3
Lair:4:   st_stairs_11, patterned_corridor
Lair:5:   minmay_swamp_entry_swarm, dummy_spider_entry, lemuel_fruit_tree,
          lemuel_fruit_fields, uniq_nessos
Lair:6:   basic_altar, serial_bayou_ford_a, worms_lemuel, grunt_megastairs_2
Lair:7:   slime_dummy, beast_lair_carwin_8
Bailey:   bailey_polearm_1, bailey
IceCv:    ice_cave_tombish
Volcano:  volcano_lake

Action                   |  1- 3 |  4- 6 |  7- 9 | 10-12 | 13-15 || total
-------------------------+-------+-------+-------+-------+-------++-------
Melee: Falchion          |   169 |   112 |       |       |       ||   281
       Unarmed           |       |    43 |   223 |   765 |   232 ||  1263
       Broad axe         |       |       |       |     6 |    15 ||    21
Evoke: Wand              |       |       |     2 |     9 |       ||    11
       Rod               |       |       |       |     1 |       ||     1
  Use: Scroll            |       |     7 |     3 |    22 |     5 ||    37
       Potion            |       |       |     6 |    15 |       ||    21
 Stab: Paralysed         |     2 |       |       |       |       ||     2
       Confused          |       |     3 |     3 |    10 |     5 ||    21
       Invisible         |       |       |     2 |       |    11 ||    13
       Distracted        |       |       |       |     2 |     1 ||     3
  Eat: Chunk             |     4 |    10 |    12 |    23 |    13 ||    62
       Fruit             |       |       |     1 |       |       ||     1
       Beef jerky        |       |       |       |     1 |       ||     1
       Bread ration      |       |       |       |     1 |       ||     1
